 Dungeon Crawl Stone Soup version 0.19-a0-1212-gd81f432 (webtiles) character file.

144 Ryco the Chopper (level 5, 0/48 HPs)
             Began as a Minotaur Berserker on Aug 22, 2016.
             Was a Follower of Trog.
             Slain by a gnoll
             ... wielding a +0 halberd
              (3 damage)
             ... on level 4 of the Dungeon.
             The game lasted 00:04:17 (667 turns).

Ryco the Chopper (Minotaur Berserker)                Turns: 667, Time: 00:04:18

Health: 0/48       AC:  6    Str: 23    XL:     5   Next: 5%
Magic:  4/4        EV: 11    Int:  9    God:    Trog [*.....]
Gold:   81         SH:  0    Dex:  9    Spells: 0 memorised, 4 levels left

rFire  . . .     SeeInvis .     a - +0 hand axe
rCold  + . .     Gourm    .     i - +0 ring mail
rNeg   . . .     Faith    .     (no shield)
rPois  .         Spirit   .     (helmet unavailable)
rElec  .         Dismiss  .     (no cloak)
rCorr  .         Reflect  .     h - +0 pair of gloves
MR     .....     Harm     .     (no boots)
Stlth  ..........               (no amulet)
                                (no ring)
                                (no ring)

@: brilliant, exhausted, very slightly contaminated, slowed, invisible, very
slow
A: retaliatory headbutt, horns 3, cold resistance 1
a: Berserk, Burn Spellbooks, Renounce Religion


You were on level 4 of the Dungeon.
You worshipped Trog.
Trog was aware of your devotion.
You were not hungry.

You visited 1 branch of the dungeon, and saw 5 of its levels.

You collected 81 gold pieces.

Inventory:

Hand Weapons
 a - a +0 hand axe (weapon)
 k - a +0 morningstar
Armour
 h - a +0 pair of gloves (worn)
 i - a +0 ring mail (worn)
Scrolls
 d - 2 scrolls of recharging
 e - a scroll of remove curse {unknown}
 j - a scroll of enchant armour {unknown}
Comestibles
 c - 2 bread rations
 f - a meat ration


   Skills:
 + Level 5.1 Fighting
 + Level 5.4 Axes
 + Level 3.2 Armour
 - Level 2.1 Dodging


You had 4 spell levels left.
You didn't know any spells.

Dungeon Overview and Level Annotations

Branches:
Dungeon (5/15)
 Temple: D:4-7

Altars:


Innate Abilities, Weirdness & Mutations

You reflexively headbutt those who attack you in melee.
You have a pair of large horns on your head.
Your flesh is cold resistant. (rC+)


Message History

It was a potion of brilliance.
You feel clever all of a sudden. The gnoll barely misses you.
The gnoll closely misses you.
It was a potion of invisibility.
You fade into invisibility!
The gnoll barely misses you. The gnoll closely misses you.
You are very lightly contaminated with residual magic.
The gnoll closely misses you. You furiously retaliate!
You headbutt the gnoll!
You kill the gnoll!
Trog accepts your kill.
You have reached level 5!
There is a stone staircase leading up here.
You see here 2 mutagenic chunks of flesh.
The gnoll barely misses you.
You climb upwards.
There is a stone staircase leading down here.
You hit the gnoll. Your headbutt misses the gnoll.
The gnoll is moderately wounded.
The gnoll hits you with a halberd.
You die...

## .. #####.
.#..... .......
##.....#########
.......g@.......
#.......#######
#.......#
.#.......#
.........#
.........#
..#......#
.........#
...####.##


You could see a gnoll.

Vanquished Creatures
  A sky beast (D:5)
  2 gnolls (D:5)
  An adder (D:3)
  A giant gecko (D:2)
  An orc (D:3)
  3 bats (D:1)
  A giant cockroach (D:2)
  2 goblins (D:2)
  2 hobgoblins
  5 kobolds
  3 giant newts
  3 rats (D:1)
25 creatures vanquished.

Notes
Turn   | Place    | Note
-------+----------+-------------------------------------------
     0 | D:1      | Ryco the Minotaur Berserker began the quest for the Orb.
     0 | D:1      | Reached XP level 1. HP: 19/19 MP: 0/0
   235 | D:1      | Reached XP level 2. HP: 27/27 MP: 1/1
   557 | D:3      | Reached XP level 3. HP: 28/33 MP: 2/2
   628 | D:5      | Entered Level 5 of the Dungeon
   628 | D:5      | Noticed a sky beast
   639 | D:5      | Killed a sky beast
   639 | D:5      | Reached skill level 5 in Fighting
   639 | D:5      | Reached skill level 5 in Axes
   639 | D:5      | Reached XP level 4. HP: 25/42 MP: 3/3
   652 | D:5      | Gained mutation: Your flesh is cold resistant. (rC+) [mutagenic meat]
   655 | D:5      | Gained mutation: You have a pair of large horns on your head. [mutagenic meat]
   661 | D:5      | HP: 1/42 [gnoll/halberd (12)]
   664 | D:5      | Reached XP level 5. HP: 2/48 MP: 4/4
   667 | D:4      | Slain by a gnoll

Vault maps used:
D:1:      minmay_arrival_three_doors, columned_hall_lemuel, st_stairs_13
D:3:      hangedman_decor_clover_reticule
D:4:      kennysheep_generic_room_6
D:5:      lemuel_ratsnest, kennysheep_mini_moat, first_bread,
          kennysheep_generic_room_7, uniq_duvessa

Skill      XL: |  1  2  3 |
---------------+----------+-----
Axes           | 4 5 |  5.4
Fighting       | 4 5 |  5.1
Armour         | 3 |  3.2
Dodging        | |  2.1

Action                   |  1- 3 |  4- 6 || total
-------------------------+-------+-------++-------
Melee: Hand axe          |    63 |     7 ||    70
       Headbutt          |     5 |       ||     5
Invok: Berserk           |     1 |       ||     1
  Use: Potion            |       |     2 ||     2
       Scroll            |       |     1 ||     1
  Eat: Chunk             |       |     2 ||     2
Armor: Animal skin       |     8 |       ||     8
       Ring mail         |     9 |       ||     9
Dodge: Dodged            |    34 |    11 ||    45
